 Dungeon Crawl Stone Soup version bcrawl-1.13.2 (webtiles) character file.

Game seed: 12123137570577966427

7408 Chiseanne the Blocker (level 10, -4/70 HPs)
             Began as a Demonspawn Archaeologist on Aug 12, 2019.
             Killed from afar by an electric eel (12 damage)
             ... with a bolt of electricity
             ... on level 8 of the Dungeon.
             The game lasted 00:23:01 (9168 turns).

Chiseanne the Blocker (Demonspawn Archaeologist)    Turns: 9168, Time: 00:23:02

Health: -4/70      AC: 14    Str: 13    XL:     10   Next: 92%
Magic:  16/16      EV: 10    Int: 11    God:
Gold:   616        SH: 27    Dex: 21    Spells: 9/9 levels left

rFire    . . .     SeeInvis .   a - +4 short sword (protect)
rCold    . . .     Gourm    .   f - +10 large shield of Ignorance {rN+ Int-4}
rNeg     + . .     Faith    .   c - +2 troll leather armour
rPois    .         Spirit   .   b - +1 helmet
rElec    .         Reflect  .   z - +0 cloak
rCorr    +         Harm     .   A - +0 pair of gloves
MR       .....                  d - +1 pair of boots
Stlth    ++........             (no amulet)
HPRegen  0.61/turn              l - +3 ring of strength
MPRegen  0.15/turn              L - ring "Hiepposo" {rCorr Dex+6}

@: no status effects
A: claws 1, slimy green scales 1, weak 1, evolution 1, rot immunity, MP-powered
wands
a: no special abilities


You were on level 8 of the Dungeon.
You were hungry.

You visited 1 branch of the dungeon, and saw 8 of its levels.
You also visited: Ossuary.

You collected 616 gold pieces.

Inventory:

Hand Weapons
 a - a +4 short sword of protection (weapon)
 i - a +0 short sword of speed
 E - a +1 hand axe of chopping
 F - a +2 hand axe of flaming
 G - a +5 scimitar
 H - a +3 mace of freezing
 J - a +5 dagger of venom
Missiles
 m - 421 bolts
 p - 146 tomahawks (quivered)
 r - 1011 poisoned needles
 s - 288 arrows
 u - 56 needles of paralysis
 v - 506 sling bullets
 K - 41 needles of confusion
Armour
 b - a +1 helmet (worn)
 c - a +2 troll leather armour (worn)
 d - a +1 pair of boots (worn)
 f - the +10 large shield of Ignorance (worn) {rN+ Int-4}

   It affects your intelligence (-4).
   It protects you from negative energy.
 z - a +0 cloak (worn)
 A - a +0 pair of gloves (worn)
Jewellery
 l - a +3 ring of strength (left hand)
 y - an uncursed ring of insulation
 L - the ring "Hiepposo" (right hand) {rCorr Dex+6}
   (You took it off a wight on level 7 of the Dungeon)

   [ring of resist corrosion]

   It affects your dexterity (+6).
   It provides partial protection from all sources of acid and corrosion.
Wands
 M - a wand of paralysis (3)
Scrolls
 e - 2 scrolls of remove curse
 k - 6 scrolls of teleportation
 q - a scroll of fear
 t - 2 scrolls of amnesia
Potions
 h - a potion of brilliance
 n - 2 potions of berserk rage
 o - 2 potions of heal wounds
 w - a potion of magic
 x - a potion of curing
 C - 2 potions of flight
Comestibles
 g - 12 rations {!d}


   Skills:
 - Level 3.5 Fighting
 * Level 8.4 Short Blades
 - Level 0.8 Maces & Flails
 - Level 2.6 Dodging
 - Level 3.0 Stealth
 * Level 10.7 Shields
 * Level 8.5 Evocations


You had 9 spell levels left.
You didn't know any spells.
Your spell library contained the following spells:

 Spells                   Type           Power        Failure   Level  Hunger
 Magic Dart               Conj           #...         96%         1    ##.....
 Slow                     Hex            #.......     96%         1    ##.....
 Sting                    Conj/Pois      #...         96%         1    ##.....
 Blink                    Tloc           N/A          99%         2    ###....
 Call Imp                 Summ           #.......     99%         2    ###....
 Poisonous Vapours        Pois/Air       #.....       99%         2    ###....
 Conjure Flame            Conj/Fire      #.......     100%        3    ####...
 Ignite Poison            Fire/Tmut/Pois #.......     100%        3    ####...
 Mephitic Cloud           Conj/Pois/Air  #.......     100%        3    ####...
 Olgreb's Toxic Radiance  Pois           #.......     100%        4    #####..
 Summon Scorpions         Summ/Pois      #.......     100%        4    #####..
 Venom Bolt               Conj/Pois      #.........   100%        5    ######.


Dungeon Overview and Level Annotations

Branches:
Dungeon (8/12)             Temple (0/1) D:7
   Lair: D:7-10         Orc: D:8-11

Altars:
Ashenzari
Cheibriados
Gozag
Hepliaklqana
Lugonu
Okawaru
Qazlal
Sif Muna
Trog
Vehumet
Xom
Yredelemnul
The Shining One

Shops:
D:7 *

Annotations:
D:7 dcsswall's ghost, novice DrAc


Innate Abilities, Weirdness & Mutations

You have sharp fingernails.
You are partially covered in slimy green scales. (AC +2)
You are immune to rotting.
You are weak. (Str -2)
You evolve.
You expend magic power (3 MP) to strengthen your wands.


Message History

The bolt of electricity hits you!
The electric eel shoots out a bolt of lightning at you!
The bolt of electricity hits you!
The electric eel shoots out a bolt of lightning at you!
The bolt of electricity hits you!
The electric eel shoots out a bolt of lightning at you!
The bolt of electricity hits you!
The electric eel shoots out a bolt of lightning at you!
The bolt of electricity hits the electric eel.
The electric eel completely resists.
The bolt of electricity hits you!
The electric eel shoots out a bolt of lightning at you!
The bolt of electricity hits you!
* * * LOW HITPOINT WARNING * * *
The electric eel shoots out a bolt of lightning at you!
The bolt of electricity hits the electric eel.
The electric eel completely resists.
The bolt of electricity hits you!
* * * LOW HITPOINT WARNING * * *
The electric eel shoots out a bolt of lightning at you!
The bolt of electricity hits you!
You die...

##∩8∩8∩###. ...
#......∩#.. ...
#8(.8..8##. ..
#..._...##. ..
##.....##.. #.
###'''##... #.
#..........
#.##########.......
#>@................
#................##
#................##
#....≈...≈≈..≈..'##
#...≈≈.≈.≈≈≈≈≈....[
#...≈≈.≈.;≈≈≈≈≈....
#..≈≈≈≈≈.≈;≈≈......
#..≈≈≈≈≈.≈≈≈.......
#...≈≈≈≈.≈≈.≈≈.....


You could see an electric eel.

Vanquished Creatures
  A hydra (D:8)
  2 ugly things (D:7)
  2 trolls
  A hornet (D:8)
  A hippogriff (D:8)
  4 yaks (D:7)
  2 hungry ghosts (D:7)
  Edmund (D:6)
  Menkaure (D:6)
  3 sky beasts
  5 ogres
  3 phantoms
  5 wolves (D:8)
  A big kobold (D:8)
  5 elf zombies (Ossuary)
  3 bullfrogs
  A scorpion (D:5)
  A wyvern skeleton (D:6)
  9 wights (D:7)
  3 howler monkeys
  6 centaur zombies (Ossuary)
  4 crimson imps
  Crazy Yiuf (D:5)
  A human zombie (Ossuary)
  2 orc priests
  2 centaur skeletons
  3 hounds
  9 orc wizards
  A bullfrog skeleton (D:4)
  An iguana (D:5)
  3 worker ants
  A hound zombie (D:6)
  3 mummies (Ossuary)
  A worker ant zombie (D:7)
  A howler monkey zombie (D:6)
  3 gnolls (D:5)
  9 adders
  2 shadow imps
  An ooze (D:3)
  An adder zombie (D:6)
  3 worms
  3 leopard geckos
  45 orcs
  A ball python (D:2)
  4 bats
  4 giant cockroaches
  4 goblins
  7 hobgoblins
  16 jackals
  13 kobolds
  6 quokkas
  4 frilled lizards
  5 rats
224 creatures vanquished.

Vanquished Creatures (others)
  A wight (D:7)
  An adder skeleton (D:7)
2 creatures vanquished.

Grand Total: 226 creatures vanquished

Notes
Turn   | Place    | Note
-------+----------+-------------------------------------------
     0 | D:1      | Chiseanne the Demonspawn Archaeologist began the quest for
                  | the Orb.
     0 | D:1      | Reached XP level 1. HP: 15/15 MP: 1/1
   449 | D:1      | Gained mutation: You have sharp fingernails. [demonic
                  | ancestry]
   449 | D:1      | Reached XP level 2. HP: 22/22 MP: 2/2
   984 | D:2      | Reached XP level 3. HP: 22/29 MP: 3/3
  1017 | D:2      | Reached skill level 2 in Shields
  1017 | D:2      | Gained mutation: You are immune to rotting. [demonic
                  | ancestry]
  1017 | D:2      | Reached XP level 4. HP: 16/35 MP: 4/4
  1456 | D:2      | Reached skill level 3 in Shields
  1653 | D:2      | Found a glowing golden altar of the Shining One.
  2063 | D:3      | Reached skill level 4 in Shields
  2151 | D:3      | Reached XP level 5. HP: 41/41 MP: 5/5
  2412 | D:3      | Noticed an ogre
  2474 | D:3      | Killed an ogre
  2474 | D:3      | Reached skill level 5 in Shields
  2862 | D:4      | Reached skill level 6 in Shields
  2874 | D:4      | Reached XP level 6. HP: 47/47 MP: 6/6
  3385 | D:4      | Reached skill level 1 in Short Blades
  3671 | D:4      | Found a shattered altar of Ashenzari.
  3746 | D:4      | Noticed a sky beast
  3778 | D:4      | Killed a sky beast
  3778 | D:4      | Reached skill level 7 in Shields
  3778 | D:4      | Gained mutation: You are partially covered in slimy green
                  | scales. (AC +2) [demonic ancestry]
  3778 | D:4      | Reached XP level 7. HP: 52/52 MP: 7/7
  4014 | D:5      | Entered Level 5 of the Dungeon
  4071 | D:5      | Found a deep blue altar of Sif Muna.
  4074 | D:5      | Found a basalt altar of Yredelemnul.
  4074 | D:5      | Found a snail-covered altar of Cheibriados.
  4075 | D:5      | Found a bloodstained altar of Trog.
  4075 | D:5      | Found a hazy altar of Hepliaklqana.
  4076 | D:5      | Found a radiant altar of Vehumet.
  4219 | D:5      | Found an iron altar of Okawaru.
  4226 | D:5      | Reached skill level 1 in Evocations
  4246 | D:5      | Found a shimmering altar of Xom.
  4367 | D:5      | Found a sand-covered staircase.
  4374 | Ossuary  | Entered an ossuary
  4508 | Ossuary  | Reached XP level 8. HP: 40/58 MP: 9/9
  4611 | Ossuary  | Reached skill level 8 in Shields
  4881 | D:5      | Found a runed door.
  5103 | D:5      | Noticed Crazy Yiuf
  5105 | D:5      | Killed Crazy Yiuf
  5290 | D:6      | Noticed Edmund
  5301 | D:6      | Killed Edmund
  5401 | D:6      | Reached skill level 5 in Short Blades
  5630 | D:6      | Noticed a troll
  5652 | D:6      | Killed a troll
  5652 | D:6      | Reached XP level 9. HP: 34/64 MP: 12/12
  6100 | D:6      | Noticed Menkaure
  6122 | D:6      | Killed Menkaure
  6122 | D:6      | Reached skill level 5 in Evocations
  6126 | D:6      | Reached skill level 9 in Shields
  6785 | D:7      | Noticed a purple ugly thing
  6822 | D:7      | Killed a purple ugly thing
  7106 | D:7      | Reached XP level 10. HP: 70/70 MP: 15/15
  7122 | D:7      | Found a stormy altar of Qazlal.
  7653 | D:7      | Identified the ring "Hiepposo" {rCorr Dex+6}
  7826 | D:7      | Found a staircase to the Ecumenical Temple.
  7865 | D:7      | Found Sied's Assorted Antiques.
  7978 | D:7      | Found a corrupted altar of Lugonu.
  8026 | D:8      | Noticed a brown ugly thing
  8034 | D:7      | Reached skill level 10 in Shields
  8083 | D:7      | Killed a brown ugly thing
  8554 | D:8      | Found a runed translucent gate.
  8554 | D:8      | Found a runed translucent gate.
  8554 | D:8      | Found an opulent altar of Gozag.
  8672 | D:8      | Found a runed translucent gate.
  8674 | D:8      | Noticed dcsswall's ghost (novice DrAc)
  8706 | D:8      | Gained mutation: You expend magic power (3 MP) to
                  | strengthen your wands. [potion of mutation]
  8706 | D:8      | Gained mutation: You are weak. (Str -2) [potion of
                  | mutation]
  8706 | D:8      | Gained mutation: You evolve. [potion of mutation]
  9001 | D:8      | Noticed an eight-headed hydra
  9009 | D:8      | Killed an eight-headed hydra
  9168 | D:8      | Killed from afar by an electric eel

Skill      XL: |  1  2  3  4  5  6  7  8  9 10 |
---------------+-------------------------------+-----
Fighting       | 2 3 |  3.5
Shields        | 2 4 6 7 8 9 10 | 10.7
Short Blades   | 2 3 5 6 8 |  8.4
Evocations     | 2 4 6 8 |  8.5
Maces & Flails | |  0.8
Dodging        | |  2.6
Stealth        | |  3.0

Action                   |  1- 3 |  4- 6 |  7- 9 | 10-12 || total
-------------------------+-------+-------+-------+-------++-------
Melee: Whip              |    20 |       |       |       ||    20
       Short sword       |   100 |   280 |   794 |   402 ||  1576
       Unarmed           |       |       |       |    10 ||    10
Throw: Tomahawk          |       |     7 |     4 |    13 ||    24
Evoke: Wand              |       |       |     6 |    15 ||    21
  Use: Scroll            |       |     8 |     9 |     4 ||    21
       Potion            |       |     3 |     5 |     4 ||    12
 Stab: Sleeping          |     1 |     7 |       |     4 ||    12
       Paralysed         |       |       |       |     5 ||     5
  Eat: Chunk             |       |    10 |     8 |     6 ||    24
       Ration            |       |       |     1 |     1 ||     2
Armor: Robe              |    95 |    51 |       |       ||   146
       Ring mail         |       |   102 |    98 |    33 ||   233
       Skin              |       |    41 |       |       ||    41
       Troll leather arm |       |       |       |    18 ||    18
Dodge: Dodged            |   116 |   190 |    61 |    44 ||   411
Block: Large shield      |       |    73 |   649 |   361 ||  1083
